 Dungeon Crawl Stone Soup version 0.21-a0-404-g291f19a (webtiles) character file.

151 tof the Chopper (level 5, -25/47 HPs)
             Began as a Minotaur Berserker on Oct 28, 2017.
             Was a Believer of Trog.
             Annihilated by an ogre
             ... wielding a +0 giant spiked club
              (28 damage)
             ... on level 4 of the Dungeon.
             The game lasted 00:02:20 (2841 turns).

tof the Chopper (Minotaur Berserker)                Turns: 2841, Time: 00:02:21

Health: -25/47     AC:  5    Str: 21    XL:     5   Next: 10%
Magic:  4/4        EV: 12    Int:  4    God:    Trog [**....]
Gold:   280        SH:  0    Dex: 11    Spells: 4/4 levels left

rFire    . . .     SeeInvis .   a - +0 hand axe
rCold    . . .     Gourm    .   (no shield)
rNeg     . . .     Faith    .   e - +0 ring mail
rPois    .         Spirit   .   (helmet restricted)
rElec    .         Reflect  .   (no cloak)
rCorr    .         Harm     .   (no gloves)
MR       .....                  (no boots)
Stlth    +.........             (no amulet)
HPRegen  0.15/turn              (no ring)
MPRegen  0.09/turn              (no ring)

@: no status effects
A: retaliatory headbutt, horns 2
a: Berserk, Trog's Hand, Burn Spellbooks, Renounce Religion


You were on level 4 of the Dungeon.
You worshipped Trog.
Trog was pleased with you.
You were not hungry.

You visited 1 branch of the dungeon, and saw 4 of its levels.

You collected 280 gold pieces.

Inventory:

Hand Weapons
 a - a +0 hand axe (weapon)
Armour
 b - a +0 animal skin
 e - a +0 ring mail (worn)
Scrolls
 f - 2 scrolls of enchant weapon {unknown}
 g - 2 scrolls of remove curse {unknown}
 i - 3 scrolls of identify {unknown}
 j - a scroll of recharging {unknown}
 l - a scroll of fog {unknown}
 n - a scroll of magic mapping {unknown}
 o - a scroll of fear {unknown}
 p - a scroll of teleportation {unknown}
Potions
 d - a potion of lignification {unknown}
 m - 2 potions of heal wounds {unknown}
 r - a potion of brilliance {unknown}
 s - 2 potions of invisibility {unknown}
 t - a potion of degeneration {unknown}
Books
 k - a book of Callings

   Spells                             Type                      Level
   a - Summon Small Mammal            Summoning                    1
   b - Call Imp                       Summoning                    2
   c - Call Canine Familiar           Summoning                    3
   d - Summon Guardian Golem          Hexes/Summoning              3
   e - Summon Lightning Spire         Summoning/Air                4
   f - Summon Ice Beast               Ice/Summoning                4
   Trog disapproves of the use of such an item.
Comestibles
 c - 4 bread rations
 h - 2 meat rations
 q - a royal jelly


   Skills:
 + Level 4.3 Fighting
 * Level 4.9 Axes
 + Level 1.6 Throwing
 + Level 3.4 Armour
 + Level 3.1 Dodging


You had 4 spell levels left.
You didn't know any spells.

Dungeon Overview and Level Annotations

Branches:
Dungeon (4/15)
 Temple: D:4-7

Altars:
Elyvilon
Makhleb
Nemelex Xobeh
Okawaru


Innate Abilities, Weirdness & Mutations

You reflexively headbutt those who attack you in melee.
You have a pair of horns on your head.


Message History

The quokka skeleton closely misses you. You furiously retaliate!
You headbutt the quokka skeleton. You hit the quokka skeleton.
You headbutt the quokka skeleton.
You destroy the quokka skeleton!
Trog accepts your kill.
An ogre comes into view. It is wielding a giant spiked club.
The ogre shouts!
The orc misses you. You furiously retaliate!
You headbutt the orc. You hit the orc.
You kill the orc!
Trog accepts your kill.
Things that are here:
a club; an orc corpse The ogre hits you with a giant spiked club!
The ogre hits you with a giant spiked club!!
Ouch! That really hurt!
* * * LOW HITPOINT WARNING * * *
The ogre hits you with a giant spiked club!!
Ouch! That really hurt!
You die...

. .. . .###
≈ #.#. ≈ ...
≈ ..# . ..#
. #######..#
. #....O@.#
. #.......#
.#.
##.......#
...
#...........
...
#).......#.#
#.########.#
#.# # #.#
#.#


You could see an ogre.

Vanquished Creatures
  Jessica (D:3)
  A hound zombie (D:4)
  A worker ant zombie (D:4)
  3 gnolls (D:3)
  An adder (D:2)
  2 oozes
  An adder zombie (D:4)
  2 dart slugs (D:2)
  3 leopard geckos
  5 orcs
  3 bats (D:1)
  A giant cockroach (D:4)
  2 hobgoblins (D:2)
  A quokka (D:3)
  3 frilled lizards
  4 goblins
  8 kobolds
  A quokka skeleton (D:4)
  4 rats
47 creatures vanquished.

Notes
Turn   | Place    | Note
-------+----------+-------------------------------------------
     0 | D:1      | tof the Minotaur Berserker began the quest for the Orb.
     0 | D:1      | Reached XP level 1. HP: 19/19 MP: 0/0
   363 | D:1      | Reached XP level 2. HP: 25/27 MP: 1/1
  1023 | D:2      | Reached XP level 3. HP: 33/33 MP: 2/2
  1091 | D:2      | Found a sparkling altar of Nemelex Xobeh.
  1124 | D:2      | Reached skill level 1 in Throwing
  1565 | D:3      | Reached XP level 4. HP: 9/40 MP: 3/3
  1874 | D:3      | Found a burning altar of Makhleb.
  2323 | D:3      | Found an iron altar of Okawaru.
  2323 | D:3      | Noticed Jessica
  2324 | D:3      | Found a white marble altar of Elyvilon.
  2332 | D:3      | Killed Jessica
  2332 | D:3      | Reached ** piety under Trog
  2666 | D:4      | Reached XP level 5. HP: 47/47 MP: 4/4
  2833 | D:4      | Noticed an ogre
  2841 | D:4      | Annihilated by an ogre

Vault maps used:
D:1:      wheals_arrival_shading, serial_forest, infiniplex_forest_lined_ring,
          infiniplex_forest_lined_1, infiniplex_forest_end_3,
          infiniplex_forest_lined_room_3, infiniplex_forest_lined_4_way,
          infiniplex_forest_corner_2
D:2:      minmay_kobold_bridge, nemelex_lonely_heart_becter
D:3:      nicolae_overflow_hidden_temple, gammafunk_temple_overflow_pools,
          first_bread, uniq_jessica
D:4:      serial_undead, serial_undead_b, serial_undead_e, serial_undead_e,
          serial_undead_d, serial_undead_e, serial_undead_c, serial_undead_d,
          serial_undead_f

Skill      XL: |  1  2  3  4 |
---------------+-------------+-----
Axes           | 4 |  4.9
Throwing       | 1 |  1.6
Fighting       | 4 |  4.3
Armour         | 3 |  3.4
Dodging        | 3 |  3.1

Action                   |  1- 3 |  4- 6 || total
-------------------------+-------+-------++-------
Melee: Hand axe          |    61 |    38 ||    99
       Headbutt          |    12 |    10 ||    22
  Eat: Chunk             |     1 |     5 ||     6
Armor: Ring mail         |    19 |    15 ||    34
Dodge: Dodged            |    41 |    26 ||    67

Table legend:
 A = Spawn XP
 B = Non-spawn XP
 C = Spawn XP percentage of total XP
 D = Spawn monster count
 E = Non-spawn monster count
 F = Spawn count percentage of total count
 G = Total turns spent on level
                    A         B        C        D         E        F      G
               +---------+---------+-------+---------+---------+-------+---------
         Total |       0 |     216 |   0.0 |       0 |      47 |   0.0 |  2841
               +---------+---------+-------+---------+---------+-------+---------
           D:1 |       0 |      16 |   0.0 |       0 |      10 |   0.0 |   764
           D:2 |       0 |      46 |   0.0 |       0 |      17 |   0.0 |   731
           D:3 |       0 |      91 |   0.0 |       0 |      10 |   0.0 |   967
           D:4 |       0 |      63 |   0.0 |       0 |      10 |   0.0 |   379
               +---------+---------+-------+---------+---------+-------+---------
